 Dungeon Crawl Stone Soup version 0.17.1-3-g152610e (webtiles) character file.

320 kaze the Cudgeler (level 6, -9/38 HPs)
             Began as a Tengu Berserker on Apr 9, 2016.
             Was a Priest of Trog.
             Mangled by a wight
             ... wielding a +2 great sword
              (12 damage)
             ... on level 4 of the Dungeon.
             The game lasted 00:06:01 (2570 turns).

kaze the Cudgeler (Tengu Berserker)                 Turns: 2570, Time: 00:06:01

Health: -9/38      AC:  8    Str: 20    XL:     6   Next: 46%
Magic:  7/7        EV: 11    Int:  7    God:    Trog [***...]
Gold:   147        SH:  0    Dex: 13    Spells: 0 memorised, 5 levels left

rFire  . . .     SeeInvis .     x - -2 war axe (curse)
rCold  + . .     Clarity  .     g - +1 scale mail {rC+}
rNeg   . . .     SustAt   .     (no shield)
rPois  .         Gourm    .     (helmet restricted)
rElec  .         Spirit   .     (no cloak)
rCorr  .         Warding  .     (no gloves)
rMut   .         Stasis   .     (boots unavailable)
MR     ++...                    l - amulet of faith
Stlth  +.........               t - +3 ring of slaying
                                j - ring of stealth

@: exhausted, regenerating, slowed, drained, very slow, very resistant to
hostile enchantments, very unstealthy
A: beak, talons 3, able to fly 1
a: Fly, Berserk, Trog's Hand, Burn Spellbooks, Renounce Religion


You were on level 4 of the Dungeon.
You worshipped Trog.
Trog was most pleased with you.
You were not hungry.

You visited 1 branch of the dungeon, and saw 4 of its levels.

You collected 147 gold pieces.

Inventory:

Hand Weapons
 a - a +0 mace
 x - a cursed -2 war axe (weapon)
Armour
 b - a +0 animal skin
 g - a +1 scale mail of cold resistance (worn)
Jewellery
 j - a ring of stealth (left hand)
 l - an amulet of faith (around neck)
 t - a +3 ring of slaying (right hand)
Wands
 k - a wand of confusion (21)
Scrolls
 d - a scroll of random uselessness
 m - a scroll of enchant armour {unknown}
 n - a scroll of amnesia {unknown}
 o - a scroll of recharging {unknown}
 s - 3 scrolls of identify {unknown}
Potions
 e - 4 potions of heal wounds {unknown}
 f - 4 potions of agility {unknown}
 h - 3 potions of brilliance {unknown}
 i - a potion of resistance
 p - a potion of curing {unknown}
 q - a potion of cure mutation {unknown}
 r - 2 potions of flight {unknown}
 v - a potion of haste {unknown}
Comestibles
 c - 2 bread rations
 w - a beef jerky


   Skills:
 + Level 4.2(3.8) Fighting
 + Level 0.4(2.7) Axes
 + Level 4.8(4.5) Maces & Flails
 + Level 4.5(4.1) Armour
 + Level 3.5(3.1) Dodging


You had 5 spell levels left.
You didn't know any spells.

Dungeon Overview and Level Annotations

Branches:
Dungeon (4/15)
 Temple: D:4-7

Altars:
Xom
Yredelemnul


Innate Abilities, Weirdness & Mutations

You have a beak for a mouth.
You have claws for feet.
You can fly.


Message History

The jackal bites you but does no damage.
The wight hits you but does no damage. The jackal completely misses you.
The wight hits you but does no damage.
The wight hits the plant but does no damage.
You hit the wight but do no damage. You peck the wight, but do no damage.
You slash the jackal!
You kill the jackal!
Trog accepts your kill. The wight hits you but does no damage.
The wight hits you with a falchion of freezing.
The wight hits you but does no damage. x2
The wight hits you with an enchanted great sword!
* * * LOW HITPOINT WARNING * * *
You feel drained.
* * * LOW HITPOINT WARNING * * *
You closely miss the wight. x2
The wight misses you. x2
The wight hits you but does no damage.
The wight hits you with an enchanted great sword!
You die...

♣. ≈ . ≈≈♣♣.
♣≈≈≈P .# ≈≈≈♣≈.
.# ≈≈≈≈.z# .#
..≈♣..z## (#
♣.P..Pz@## .#
P....#..†###.##
#PP..?.%.$....#
#.#♣P......<).#
##.....###.#
##...## # ##.##
...# ####


You could see 3 wights.

Vanquished Creatures
  An ogre (D:4)
  A wight (D:4)
  A crimson imp (D:3)
  An orc priest (D:3)
  Robin (D:3)
  5 adders (D:2)
  2 oozes
  2 worms
  4 orcs (D:3)
  2 giant cockroaches
  8 hobgoblins
  A ball python (D:2)
  7 bats
  A giant gecko (D:2)
  4 giant newts
  18 goblins
  6 jackals
  A quokka (D:3)
  3 rats
69 creatures vanquished.

Notes
Turn   | Place    | Note
--------------------------------------------------------------
     0 | D:1      | kaze the Tengu Berserker began the quest for the Orb.
     0 | D:1      | Reached XP level 1. HP: 14/14 MP: 2/2
   288 | D:1      | Reached XP level 2. HP: 19/19 MP: 3/3
   900 | D:2      | Reached XP level 3. HP: 9/23 MP: 4/4
  1562 | D:2      | Reached ** piety under Trog
  1622 | D:2      | Reached XP level 4. HP: 29/29 MP: 5/5
  1762 | D:2      | Reached skill level 4 in Maces & Flails
  1967 | D:3      | Gained mutation: You can fly. [Tengu growth]
  1967 | D:3      | Reached XP level 5. HP: 31/33 MP: 6/6
  2109 | D:3      | Found a basalt altar of Yredelemnul.
  2109 | D:3      | Found a shimmering altar of Xom.
  2134 | D:3      | Noticed Robin
  2152 | D:3      | Killed Robin
  2307 | D:3      | Reached *** piety under Trog
  2548 | D:4      | Noticed an ogre
  2556 | D:4      | Killed an ogre
  2556 | D:4      | Reached XP level 6. HP: 24/38 MP: 7/7
  2569 | D:4      | HP: 1/38 [wight/enchanted great sword (3)]
  2570 | D:4      | Mangled by a wight

Action                   |  1- 3 |  4- 6 || total
-------------------------+-------+-------++-------
Melee: Mace              |    75 |    62 ||   137
       War axe           |       |    18 ||    18
Invok: Berserk           |       |     2 ||     2
       Trog's Hand       |       |     1 ||     1
  Use: Scroll            |       |     3 ||     3
 Stab: Distracted        |       |     1 ||     1
  Eat: Meat ration       |     1 |     1 ||     2
